 Dungeon Sprint DCSS version 0.26-a0-23-g3ae7099 (webtiles) character file.

Game seed: 5643034400704682055, levelgen mode: deterministic

12400000 thirtiethelement the Conqueror (level 27, -149/266 HPs)
             Began as a Demonspawn Warper on May 26, 2020.
             Was the Champion of Makhleb.
             Annihilated by a fleshlord
             ... wielding a +9 great mace
              (182 damage)
             ... in the Dungeon (Sprint VIII: "Arena of Blood").
             The game lasted 00:10:30 (124 turns).

thirtiethelement the Conqueror (Demonspawn Warper)   Turns: 124, Time: 00:10:35

Health: -149/266   AC:  9    Str: 15    XL:     27
Magic:  44/54      EV: 29    Int: 24    God:    Makhleb [******]
Gold:   0          SH:  0    Dex: 13    Spells: 80/80 levels left

rFire    + . .     SeeInvis +   b - +∞ Axe of Woe
rCold    . . .     Gourm    .   (shield currently unavailable)
rNeg     . . .     Faith    .   a - +0 leather armour
rPois    .         Spirit   .   (no helmet)
rElec    .         Reflect  .   (no cloak)
rCorr    .         Harm     .   (no gloves)
MR       ++...     NoTele   +   (boots unavailable)
Stlth    ++++++++++             (no amulet)
HPRegen  0.54/turn              k - ring of see invisible
MPRegen  0.34/turn              (no ring)

@: slowed, very slow
A: hooves 3, rugged brown scales 3, demonic guardian 3, fire resistance 1, hurl
damnation, nightstalker 3, flame cloud immunity
a: Hurl Damnation, Minor Destruction, Lesser Servant of Makhleb, Major
Destruction, Greater Servant of Makhleb, Renounce Religion


You were in the Dungeon.
You worshipped Makhleb.
Makhleb was exalted by your worship.
You were not hungry.

You visited 1 branch

Inventory:

Hand Weapons
 b - the +∞ Axe of Woe (weapon)
   (You found it in the Dungeon)
Missiles
 d - 5 boomerangs of dispersal (quivered)
Armour
 a - a +0 leather armour (worn)
Jewellery
 k - a ring of see invisible (left hand)
Scrolls
 c - 2 scrolls of blinking
Potions
 e - a potion of curing
 g - a potion of heal wounds
 h - a potion of haste
 i - 2 potions of magic
 j - a potion of berserk rage
Comestibles
 f - a ration


   Skills:
 O Level 27 Fighting
 O Level 27 Axes
 O Level 27 Throwing
 O Level 27 Armour
 O Level 27 Dodging
 O Level 27 Stealth
 O Level 27 Unarmed Combat
 O Level 27 Spellcasting
   Level 2.6 Translocations
 O Level 27 Invocations


You had 80 spell levels left.
You didn't know any spells.
Your spell library contained the following spells:

 Spells                   Type           Power        Failure   Level  Hunger
 Blink                    Tloc           N/A          1%          2    None
 Shroud of Golubria       Chrm/Tloc      #####.       1%          2    None
 Gell's Gravitas          Tloc           #####.....   1%          3    None
 Lesser Beckoning         Tloc           #####.....   1%          3    None
 Teleport Other           Tloc           #####...     1%          3    None
 Passage of Golubria      Tloc           N/A          3%          4    None


Dungeon Overview and Level Annotations

Branches:
Dungeon (1/1)

Altars:
Makhleb


Innate Abilities, Weirdness & Mutations

You have hooves in place of feet.
You are completely covered in rugged brown scales. (AC +3, +7% HP)
A powerful demonic guardian rushes to your aid.
Your flesh is heat resistant. (rF+)
You can hurl damnation.
You are completely attuned to the shadows.
You are immune to clouds of flame.


Message History

You hear a shout! x2
The fleshlord mumbles some strange words.
The fleshlord seems to speed up.
You hear a shout!
The eight-headed meat hydra calls on the powers of darkness!
The eight-headed meat hydra convulses!
The bag of meat convulses!
Your body is wracked with pain!
* * * LOW HITPOINT WARNING * * *
The fleshlord convulses!
The bag of meat is engulfed in blazing flames.
Found an uncursed ring of protection from fire.
Things that are here:
a +9 war axe; a +30 ring of slaying; a bag of meat corpse The tyrant is engulfed in blazing flames.
You hear a shout! x2
A bag of meat comes into view. It is wielding a +9 war axe.
You hear a shout!
The fleshlord hits you with a +9 great mace!!!!!
Ouch! That really hurt!
You die...

.. ... .. .# ......
.# ##.....# .###o ...
......# .....
.....###)....#
............§☼o)....#
#.......#.#DXL))@...#
#.§.§§.....)§X§p...=#
#......#.#.#........#
.o.§o))....)))......#
§...)XO.#.#.#.o#....#
.###o)§.X.X...#...
.#X)Xo.X.o.....#.
.#XXLX........#


.SDLLXx... You could see a tyrant (fast), a fleshlord (fast), 2 large
abominations and 2 bags of meat.

Vanquished Creatures
  A hell knight (D)
  9 hell beasts (D)
  3 greater mummies (D)
  5 great orbs of eyes (D)
  3 wraiths (D)
  25 vampire knights (D)
  35 ogres (D)
  6 two-headed ogres (D)
  6 liches (D)
  A hydra (D)
  74 orcs (D)
  3 phantoms (D)
  4 skeletal warriors (D)
  3 sea snakes (D)
  A crawling corpse (D)
179 creatures vanquished.

Vanquished Creatures (others)
  4 crawling corpses (D)
4 creatures vanquished.

Grand Total: 183 creatures vanquished

Notes
Turn   | Place    | Note
-------+----------+-------------------------------------------
     0 | D        | Found the +∞ Axe of Woe
     0 | D        | thirtiethelement the Demonspawn Warper began the quest for
                  | the Orb.
     0 | D        | Reached XP level 1. HP: 16/16 MP: 3/3
     3 | D        | Became a worshipper of Makhleb the Destroyer
     3 | D        | Noticed a meat berserker
     3 | D        | Noticed a bag of meat
     5 | D        | Noticed a bag of meat
     5 | D        | Noticed a bag of meat
     6 | D        | Noticed a bag of meat
     7 | D        | Noticed a bag of meat
     9 | D        | Noticed a bag of meat
    10 | D        | Noticed a meat berserker
    10 | D        | Noticed a bag of meat
    10 | D        | Noticed a meat berserker
    11 | D        | Killed a bag of meat
    11 | D        | Gained mutation: You are slightly more attuned to the
                  | shadows. [demonic ancestry]
    11 | D        | Reached XP level 2. HP: 40/40 MP: 3/17
    11 | D        | Gained mutation: You are partially covered in rugged brown
                  | scales. (AC +1, +3% HP) [demonic ancestry]
    11 | D        | Reached XP level 3. HP: 40/47 MP: 3/19
    11 | D        | Reached XP level 4. HP: 45/54 MP: 3/20
    11 | D        | Gained mutation: You have large cloven feet. [demonic
                  | ancestry]
    11 | D        | Reached XP level 5. HP: 51/60 MP: 3/22
    11 | D        | Gained mutation: A weak demonic guardian rushes to your
                  | aid. [demonic ancestry]
    11 | D        | Reached XP level 6. HP: 57/67 MP: 3/23
    11 | D        | Gained mutation: You have hoof-like feet. [demonic
                  | ancestry]
    11 | D        | Reached XP level 7. HP: 62/74 MP: 3/25
    11 | D        | Gained mutation: You are mostly covered in rugged brown
                  | scales. (AC +2, +5% HP) [demonic ancestry]
    11 | D        | Reached XP level 8. HP: 62/82 MP: 3/26
    11 | D        | Gained mutation: You are significantly more attuned to the
                  | shadows. [demonic ancestry]
    11 | D        | Reached XP level 9. HP: 68/89 MP: 3/27
    11 | D        | Reached XP level 10. HP: 73/96 MP: 3/28
    11 | D        | Gained mutation: Your flesh is heat resistant. (rF+)
                  | [demonic ancestry]
    11 | D        | Reached XP level 11. HP: 78/102 MP: 3/29
    11 | D        | Killed a bag of meat
    11 | D        | Reached * piety under Makhleb
    11 | D        | Reached skill level 15 in Fighting
    11 | D        | Reached skill level 5 in Throwing
    11 | D        | Reached skill level 5 in Armour
    11 | D        | Reached XP level 12. HP: 88/115 MP: 3/32
    11 | D        | Noticed a meat berserker
    12 | D        | Killed a meat berserker
    12 | D        | Reached skill level 5 in Axes
    12 | D        | Reached XP level 13. HP: 98/128 MP: 3/36
    12 | D        | Reached XP level 14. HP: 105/136 MP: 3/37
    12 | D        | Killed a meat berserker
    12 | D        | Reached XP level 15. HP: 114/148 MP: 3/39
    12 | D        | Reached ** piety under Makhleb
    12 | D        | Noticed a meat berserker
    14 | D        | Killed a meat berserker
    14 | D        | Reached XP level 16. HP: 162/162 MP: 4/42
    15 | D        | Killed a meat berserker
    15 | D        | Reached *** piety under Makhleb
    15 | D        | Gained mutation: You are completely covered in rugged brown
                  | scales. (AC +3, +7% HP) [demonic ancestry]
    15 | D        | Reached XP level 17. HP: 108/178 MP: 4/45
    15 | D        | Killed a meat berserker
    15 | D        | Reached skill level 10 in Armour
    15 | D        | Noticed a meat berserker
    17 | D        | Noticed a destroyer
    17 | D        | Noticed a meat berserker
    18 | D        | Killed a meat berserker
    18 | D        | Reached XP level 18. HP: 193/193 MP: 5/48
    18 | D        | Reached skill level 27 in Fighting
    18 | D        | Reached skill level 10 in Throwing
    18 | D        | Noticed a meat berserker
    19 | D        | Noticed a meat berserker
    20 | D        | Reached **** piety under Makhleb
    20 | D        | Reached skill level 27 in Spellcasting
    20 | D        | Reached XP level 19. HP: 202/202 MP: 6/50
    20 | D        | Reached ***** piety under Makhleb
    20 | D        | Killed a meat berserker
    20 | D        | Noticed a meat berserker
    21 | D        | Killed a meat berserker
    21 | D        | Reached skill level 27 in Axes
    21 | D        | Reached skill level 15 in Armour
    21 | D        | Reached skill level 27 in Dodging
    21 | D        | Reached skill level 27 in Unarmed Combat
    21 | D        | Gained mutation: You are immune to clouds of flame.
                  | [demonic ancestry]
    21 | D        | Reached XP level 20. HP: 210/210 MP: 6/51
    24 | D        | Killed a meat berserker
    24 | D        | Killed a meat berserker
    24 | D        | Gained mutation: You have hooves in place of feet. [demonic
                  | ancestry]
    24 | D        | Reached XP level 21. HP: 218/218 MP: 7/52
    24 | D        | Killed a destroyer
    24 | D        | Reached ****** piety under Makhleb
    24 | D        | Reached skill level 27 in Throwing
    24 | D        | Reached skill level 27 in Armour
    24 | D        | Noticed a destroyer
    25 | D        | Noticed a destroyer
    28 | D        | Noticed a large bag of meat
    29 | D        | Killed a destroyer
    29 | D        | Gained mutation: You are completely attuned to the shadows.
                  | [demonic ancestry]
    29 | D        | Reached XP level 22. HP: 226/226 MP: 8/53
    29 | D        | Noticed a destroyer
    31 | D        | Noticed a destroyer
    31 | D        | Reached skill level 27 in Invocations
    31 | D        | Reached skill level 27 in Stealth
    31 | D        | Killed a destroyer
    31 | D        | Gained mutation: A demonic guardian rushes to your aid.
                  | [demonic ancestry]
    31 | D        | Reached XP level 23. HP: 234/234 MP: 9/54
    31 | D        | Noticed a destroyer
    32 | D        | Killed a large bag of meat
    34 | D        | Killed a destroyer
    34 | D        | Gained mutation: A powerful demonic guardian rushes to your
                  | aid. [demonic ancestry]
    34 | D        | Reached XP level 24. HP: 242/242 MP: 10/54
    35 | D        | Noticed a large bag of meat
    36 | D        | Killed a destroyer
    36 | D        | Reached XP level 25. HP: 250/250 MP: 10/54
    38 | D        | Killed a large bag of meat
    40 | D        | Reached XP level 26. HP: 258/258 MP: 12/54
    41 | D        | Killed a destroyer
    42 | D        | Noticed a destroyer
    44 | D        | Gained mutation: You can hurl damnation. [demonic ancestry]
    44 | D        | Reached XP level 27. HP: 266/266 MP: 13/54
    47 | D        | Noticed a destroyer
    48 | D        | Noticed a destroyer
    49 | D        | Noticed an accursed
    50 | D        | Killed an accursed
    50 | D        | Killed a destroyer
    50 | D        | Noticed a large bag of meat
    50 | D        | Noticed a tyrant
    52 | D        | Killed a destroyer
    54 | D        | Killed a large bag of meat
    55 | D        | Killed a tyrant
    56 | D        | Noticed a destroyer
    57 | D        | Noticed a dread
    57 | D        | Noticed a destroyer
    59 | D        | Killed a destroyer
    60 | D        | Killed a destroyer
    65 | D        | Killed a dread
    66 | D        | Noticed a meat beast
    68 | D        | Killed a destroyer
    68 | D        | Killed a meat beast
    69 | D        | Noticed a destroyer
    69 | D        | Noticed a destroyer
    77 | D        | Noticed an accursed
    78 | D        | Noticed a destroyer
    78 | D        | Noticed a large bag of meat
    78 | D        | Noticed a meat beast
    79 | D        | Noticed a destroyer
    82 | D        | Killed a destroyer
    82 | D        | Killed an accursed
    82 | D        | Noticed a tyrant
    83 | D        | Noticed a meat beast
    83 | D        | Noticed a meat beast
    83 | D        | Noticed a large bag of meat
    84 | D        | Killed a meat beast
    85 | D        | Noticed a destroyer
    85 | D        | Killed a destroyer
    85 | D        | Killed a meat beast
    85 | D        | Killed a large bag of meat
    85 | D        | Killed a destroyer
    86 | D        | Killed a destroyer
    86 | D        | Killed a meat beast
    87 | D        | Noticed a destroyer
    88 | D        | Killed a tyrant
    90 | D        | Noticed a destroyer
    91 | D        | Killed a destroyer
    91 | D        | Killed a destroyer
    92 | D        | Noticed a destroyer
    92 | D        | Noticed a meat beast
    94 | D        | Noticed a tyrant
    94 | D        | Noticed a tyrant
    94 | D        | Noticed a meat beast
    95 | D        | Killed a meat beast
    96 | D        | Killed a destroyer
    96 | D        | Killed a meat beast
    96 | D        | Killed a destroyer
    96 | D        | Noticed a meat beast
    96 | D        | Noticed a tyrant
    97 | D        | Noticed a tyrant
    98 | D        | Killed a large bag of meat
    99 | D        | Killed a meat beast
   100 | D        | Killed a tyrant
   101 | D        | Noticed a dread
   101 | D        | Noticed a destroyer
   103 | D        | Noticed a destroyer
   103 | D        | Noticed a destroyer
   103 | D        | Noticed a destroyer
   103 | D        | Noticed a tyrant
   103 | D        | Noticed a destroyer
   103 | D        | Noticed an accursed
   103 | D        | Noticed a large bag of meat
   103 | D        | Noticed a destroyer
   104 | D        | Noticed a meat beast
   105 | D        | Killed a destroyer
   105 | D        | Killed a dread
   105 | D        | Killed a destroyer
   105 | D        | Killed a destroyer
   105 | D        | Killed a destroyer
   106 | D        | Killed a destroyer
   106 | D        | Killed a destroyer
   106 | D        | Killed a tyrant
   106 | D        | Noticed a meat beast
   107 | D        | Noticed a tyrant
   109 | D        | Killed a meat beast
   109 | D        | Killed a meat beast
   115 | D        | Noticed a fleshlord
   116 | D        | Noticed a dread
   118 | D        | Killed a tyrant
   118 | D        | Killed a large bag of meat
   118 | D        | Killed a fleshlord
   119 | D        | Noticed a tyrant
   120 | D        | Killed a dread
   120 | D        | Noticed a fleshlord
   121 | D        | Killed a tyrant
   122 | D        | Killed an accursed
   124 | D        | Annihilated by a fleshlord

Illustrated notes

Levels and vault maps discovered:
D:        meatsprint

Skill      XL: |  1  2  3  4  5  6  7  8  9 10 11 12 13 14 15 16 17 18 19 20 21 22 |
---------------+-------------------------------------------------------------------+-----
Fighting       | 13 15 18 20 22 24 26 27 | 27.0
Throwing       | 4 5 6 7 8 9 11 14 24 27 | 27.0
Armour         | 4 5 6 7 8 9 10 11 15 24 27 | 27.0
Dodging        | 12 14 16 17 19 21 22 24 27 | 27.0
Unarmed Combat | 12 14 16 18 20 21 23 25 27 | 27.0
Spellcasting   | 14 16 19 20 22 24 26 27 | 27.0
Axes           | 2 5 8 11 14 17 22 27 | 27.0
Stealth        | 19 27 | 27.0
Invocations    | 23 27 | 27.0
Translocations | |  2.6

Action                   |  1- 3 |  4- 6 |  7- 9 | 10-12 | 13-15 | 16-18 | 19-21 | 22-24 | 25-27 || total
-------------------------+-------+-------+-------+-------+-------+-------+-------+-------+-------++-------
Melee: Executioner's axe |     1 |       |       |     1 |     1 |     3 |     4 |     4 |    42 ||    56
 Stab: Distracted        |       |       |       |       |       |       |       |       |     1 ||     1
Armor: Leather armour    |       |       |       |       |       |       |       |       |     6 ||     6
Dodge: Dodged            |     1 |       |       |       |       |     2 |       |     1 |    30 ||    34

Table legend:
 A = Non-vault XP
 B = Vault XP
 C = Vault XP percentage of total XP
 D = Non-vault monster count
 E = Vault monster count
 F = Vault count percentage of total count
                 A         B        C        D         E       F
            +---------+---------+-------+---------+---------+-------
      Total | 4842155 | 1773659 |  26.8 |      97 |      80 |  45.2
            +---------+---------+-------+---------+---------+-------
          D | 4842155 | 1773659 |  26.8 |      97 |      80 |  45.2
            +---------+---------+-------+---------+---------+-------
